[ AOE2 MATCH · #506732336 ]
UnrankedSlavs vs Koreans
Player's team · LOSS
Rival team · WIN
[ REPLAY ANALYSIS · EXTRACTED FROM THE RECORDED GAME ]
Feudal
8:51
Castle
22:10
Imperial
36:53
| APM avg | 76.8 |
| APM peak | 100 |
| eAPM avg | 40.8 |
| Villagers / military | 275 / 181 |
Focus
⚔️ 38.4% · 🌾 61.6%
Knight ×121 · Skirmisher ×37 · Scout Cavalry ×10 · Archer ×6 · Monk ×5 · Spearman ×2
Feudal
10:36
Castle
22:17
Imperial
34:08
| APM avg | 77.9 |
| APM peak | 118 |
| eAPM avg | 30.7 |
| Villagers / military | 142 / 135 |
Focus
⚔️ 46.7% · 🌾 53.3%
Archer ×110 · Militia ×6 · Iron Pagoda ×6 · Trebuchet (Packed) ×6 · Monk ×4 · Spearman ×3
Match map
Initial resources + every placement click. Lines = walls · curves = elevation contours. ◆ gold · ⬟ stone · ● berries · ✦ relic · ◌ wall gap
Your base· ✓ Closed at 22:10 · 61t walls · 1 gate(s)
Macluffy's base· Open — opponent sealed themselves in
Smoothed initial terrain · ◌ = detected wall gap · hover for details
Inputs per minute
— LE | WilliamS - - Macluffy
Build order — LE | WilliamS
First 150 of 642 actions detected
| 0:01 | Queue | Villager (Male) |
| 0:01 | Queue | Villager (Male) |
| 0:02 | Build | House |
| 0:04 | Build | House |
| 0:05 | Queue | Villager (Male) |
| 0:11 | Queue | Villager (Male) |
| 1:28 | Queue | Villager (Male) |
| 1:28 | Queue | Villager (Male) |
| 1:52 | Queue | Villager (Male) |
| 1:52 | Queue | Villager (Male) |
| 2:11 | Build | Lumber Camp |
| 2:28 | Queue | Villager (Male) |
| 2:28 | Queue | Villager (Male) |
| 2:29 | Queue | Villager (Male) |
| 2:54 | Queue | Villager (Male) |
| 2:55 | Queue | Villager (Male) |
| 3:18 | Queue | Villager (Male) |
| 3:51 | Queue | Villager (Male) |
| 3:51 | Queue | Villager (Male) |
| 3:57 | Build | House |
| 3:58 | Build | House |
| 4:02 | Queue | Villager (Male) |
| 4:14 | Queue | Villager (Male) |
| 4:21 | Build | Mill |
| 5:17 | Queue | Villager (Male) |
| 5:18 | Queue | Villager (Male) |
| 5:48 | Research | Loom |
| 6:35 | Build | Lumber Camp |
| 6:39 | Research | Feudal Age |
| 6:39 | Research | Feudal Age |
| 7:07 | Build | Palisade Wall |
| 7:09 | Build | Palisade Wall |
| 7:12 | Build | Palisade Wall |
| 7:13 | Build | Palisade Wall |
| 7:13 | Build | Palisade Wall |
| 7:23 | Build | Palisade Wall |
| 7:24 | Build | Palisade Wall |
| 8:03 | Queue | Villager (Male) |
| 8:09 | Build | Barracks |
| 8:12 | Build | Palisade Wall |
| 8:13 | Build | Palisade Wall |
| 8:13 | Build | Palisade Wall |
| 8:14 | Build | Palisade Wall |
| 8:22 | Build | Palisade Wall |
| 8:23 | Build | Palisade Wall |
| 8:23 | Build | Palisade Wall |
| 8:27 | Build | Palisade Wall |
| 8:29 | Queue | Villager (Male) |
| 8:51 | Age | Feudal Age |
| 8:55 | Build | Palisade Wall |
| 9:08 | Build | Stable |
| 9:10 | Queue | Villager (Male) |
| 9:15 | Build | Palisade Wall |
| 9:23 | Queue | Villager (Male) |
| 9:26 | Research | Double-Bit Axe |
| 9:26 | Research | Double-Bit Axe |
| 9:28 | Queue | Villager (Male) |
| 9:34 | Queue | Spearman |
| 9:55 | Queue | Villager (Male) |
| 10:09 | Queue | Scout Cavalry |
| 10:09 | Queue | Scout Cavalry |
| 10:24 | Queue | Scout Cavalry |
| 10:35 | Research | Horse Collar |
| 10:54 | Build | Farm |
| 10:55 | Build | Farm |
| 10:57 | Queue | Villager (Male) |
| 11:00 | Build | Farm |
| 11:02 | Build | Farm |
| 11:13 | Queue | Villager (Male) |
| 11:25 | Queue | Villager (Male) |
| 11:27 | Build | Farm |
| 11:36 | Queue | Villager (Male) |
| 11:36 | Queue | Villager (Male) |
| 11:55 | Queue | Scout Cavalry |
| 12:05 | Build | Farm |
| 12:10 | Queue | Villager (Male) |
| 12:21 | Queue | Villager (Male) |
| 12:22 | Queue | Villager (Male) |
| 12:25 | Build | Mining Camp |
| 12:33 | Queue | Villager (Male) |
| 12:33 | Queue | Villager (Male) |
| 12:41 | Build | Archery Range |
| 12:52 | Queue | Villager (Male) |
| 12:52 | Queue | Villager (Male) |
| 12:55 | Queue | Villager (Male) |
| 13:00 | Queue | Spearman |
| 13:01 | Queue | Villager (Male) |
| 13:01 | Queue | Villager (Male) |
| 13:03 | Build | Farm |
| 13:16 | Queue | Villager (Male) |
| 13:17 | Build | Farm |
| 13:26 | Queue | Villager (Male) |
| 13:26 | Queue | Villager (Male) |
| 13:29 | Queue | Villager (Male) |
| 13:38 | Queue | Villager (Male) |
| 13:44 | Queue | Villager (Male) |
| 13:50 | Queue | Villager (Male) |
| 13:50 | Queue | Villager (Male) |
| 13:53 | Build | Palisade Wall |
| 14:03 | Queue | Archer |
| 14:03 | Queue | Archer |
| 14:04 | Build | House |
| 14:07 | Queue | Villager (Male) |
| 14:18 | Build | Farm |
| 14:20 | Build | Farm |
| 14:24 | Queue | Villager (Male) |
| 14:24 | Queue | Villager (Male) |
| 14:26 | Build | House |
| 14:32 | Build | House |
| 14:32 | Queue | Archer |
| 14:45 | Queue | Villager (Male) |
| 14:48 | Queue | Villager (Male) |
| 14:49 | Queue | Villager (Male) |
| 14:50 | Build | Palisade Wall |
| 14:52 | Build | Palisade Wall |
| 14:59 | Build | Farm |
| 15:00 | Build | Farm |
| 15:03 | Queue | Archer |
| 15:14 | Queue | Villager (Male) |
| 15:26 | Queue | Villager (Male) |
| 15:26 | Queue | Villager (Male) |
| 15:36 | Queue | Archer |
| 15:37 | Queue | Villager (Male) |
| 15:42 | Build | Farm |
| 15:45 | Build | Farm |
| 15:50 | Queue | Skirmisher |
| 15:53 | Build | House |
| 15:56 | Queue | Villager (Male) |
| 15:57 | Queue | Villager (Male) |
| 15:59 | Queue | Villager (Male) |
| 16:06 | Build | Farm |
| 16:07 | Build | House |
| 16:09 | Queue | Skirmisher |
| 16:14 | Build | House |
| 16:25 | Build | Palisade Wall |
| 16:30 | Queue | Villager (Male) |
| 16:33 | Queue | Villager (Male) |
| 16:36 | Build | Blacksmith |
| 16:44 | Build | Palisade Wall |
| 16:45 | Queue | Villager (Male) |
| 16:52 | Build | Palisade Wall |
| 17:00 | Queue | Villager (Male) |
| 17:05 | Queue | Skirmisher |
| 17:09 | Queue | Villager (Male) |
| 17:10 | Build | Palisade Wall |
| 17:19 | Queue | Skirmisher |
| 17:20 | Queue | Skirmisher |
| 17:20 | Queue | Villager (Male) |
| 17:20 | Queue | Villager (Male) |
| 17:34 | Research | Fletching |
Build order — Macluffy
First 150 of 437 actions detected
| 0:01 | Queue | Villager (Male) |
| 0:02 | Build | House |
| 0:03 | Build | House |
| 0:06 | Queue | Villager (Male) |
| 0:08 | Queue | Villager (Male) |
| 0:12 | Queue | Villager (Male) |
| 1:26 | Queue | Villager (Male) |
| 1:48 | Queue | Villager (Male) |
| 2:04 | Build | Lumber Camp |
| 2:17 | Queue | Villager (Male) |
| 2:40 | Queue | Villager (Male) |
| 3:10 | Queue | Villager (Male) |
| 3:30 | Queue | Villager (Male) |
| 3:49 | Build | House |
| 3:57 | Queue | Villager (Male) |
| 4:23 | Queue | Villager (Male) |
| 4:38 | Build | Barracks |
| 4:41 | Queue | Villager (Male) |
| 5:07 | Build | House |
| 5:13 | Queue | Villager (Male) |
| 5:30 | Queue | Militia |
| 5:31 | Queue | Militia |
| 5:31 | Queue | Militia |
| 5:45 | Queue | Villager (Male) |
| 5:52 | Queue | Villager (Male) |
| 6:02 | Build | House |
| 6:03 | Build | Palisade Wall |
| 6:20 | Queue | Militia |
| 6:30 | Build | Mill |
| 6:45 | Queue | Villager (Male) |
| 7:05 | Queue | Villager (Male) |
| 7:20 | Queue | Villager (Male) |
| 7:20 | Research | Loom |
| 7:36 | Build | Palisade Wall |
| 7:39 | Build | House |
| 8:17 | Build | Palisade Wall |
| 8:23 | Research | Feudal Age |
| 8:34 | Build | Mining Camp |
| 8:49 | Build | House |
| 9:29 | Queue | Villager (Male) |
| 9:32 | Queue | Militia |
| 9:43 | Build | Palisade Wall |
| 10:07 | Queue | Militia |
| 10:07 | Queue | Villager (Male) |
| 10:36 | Age | Feudal Age |
| 10:41 | Research | Man-at-Arms (upgrade) |
| 10:42 | Queue | Villager (Male) |
| 10:44 | Build | Archery Range |
| 11:02 | Queue | Villager (Male) |
| 11:10 | Build | Palisade Gate |
| 11:23 | Build | House |
| 11:26 | Queue | Spearman |
| 11:28 | Build | Palisade Wall |
| 11:43 | Queue | Archer |
| 11:49 | Build | House |
| 12:05 | Build | Farm |
| 12:06 | Build | Farm |
| 12:06 | Build | Farm |
| 12:15 | Build | Farm |
| 12:15 | Build | Farm |
| 12:16 | Queue | Villager (Male) |
| 12:17 | Queue | Archer |
| 12:18 | Queue | Archer |
| 12:31 | Queue | Archer |
| 12:44 | Build | Farm |
| 12:47 | Build | Farm |
| 12:48 | Queue | Villager (Male) |
| 12:51 | Queue | Archer |
| 13:22 | Build | Palisade Wall |
| 13:23 | Queue | Villager (Male) |
| 13:27 | Build | Farm |
| 13:30 | Queue | Archer |
| 13:40 | Queue | Villager (Male) |
| 13:45 | Queue | Archer |
| 13:49 | Queue | Spearman |
| 14:00 | Queue | Villager (Male) |
| 14:17 | Queue | Archer |
| 14:17 | Queue | Villager (Male) |
| 14:19 | Build | Farm |
| 14:34 | Research | Arson |
| 14:34 | Research | Arson |
| 14:44 | Queue | Villager (Male) |
| 14:56 | Queue | Villager (Male) |
| 15:04 | Queue | Archer |
| 15:04 | Queue | Villager (Male) |
| 15:08 | Queue | Spearman |
| 15:08 | Queue | Villager (Male) |
| 15:10 | Build | Farm |
| 15:11 | Build | Farm |
| 15:24 | Queue | Villager (Male) |
| 15:35 | Queue | Villager (Male) |
| 15:45 | Queue | Villager (Male) |
| 15:53 | Build | Blacksmith |
| 15:57 | Build | Farm |
| 15:57 | Build | Farm |
| 16:07 | Build | House |
| 16:12 | Queue | Villager (Male) |
| 16:13 | Build | Farm |
| 16:18 | Queue | Archer |
| 16:26 | Build | Farm |
| 16:28 | Research | Double-Bit Axe |
| 16:28 | Research | Double-Bit Axe |
| 16:34 | Research | Horse Collar |
| 16:43 | Queue | Villager (Male) |
| 16:44 | Queue | Archer |
| 16:45 | Queue | Archer |
| 16:52 | Build | House |
| 16:56 | Queue | Villager (Male) |
| 17:10 | Queue | Archer |
| 17:11 | Queue | Villager (Male) |
| 17:23 | Queue | Archer |
| 17:26 | Queue | Villager (Male) |
| 17:28 | Build | House |
| 18:02 | Queue | Villager (Male) |
| 18:15 | Build | House |
| 18:16 | Build | Market |
| 18:24 | Queue | Villager (Male) |
| 18:44 | Queue | Villager (Male) |
| 19:09 | Queue | Archer |
| 19:12 | Build | Lumber Camp |
| 19:37 | Research | Castle Age |
| 19:55 | Queue | Archer |
| 20:55 | Queue | Villager (Male) |
| 21:08 | Queue | Archer |
| 21:14 | Queue | Archer |
| 21:16 | Research | Gold Mining |
| 21:41 | Queue | Archer |
| 21:41 | Queue | Archer |
| 21:44 | Build | Archery Range |
| 22:17 | Age | Castle Age |
| 22:18 | Queue | Archer |
| 22:21 | Research | Crossbowman (upgrade) |
| 22:21 | Research | Crossbowman (upgrade) |
| 22:22 | Research | Fletching |
| 22:23 | Research | Fletching |
| 22:34 | Build | Siege Workshop |
| 22:38 | Queue | Villager (Male) |
| 22:45 | Queue | Villager (Male) |
| 22:48 | Research | Bow Saw |
| 22:53 | Queue | Archer |
| 22:54 | Queue | Villager (Male) |
| 23:08 | Build | Town Center |
| 23:10 | Queue | Iron Pagoda |
| 23:14 | Research | Bodkin Arrow |
| 23:14 | Research | Bodkin Arrow |
| 23:18 | Research | Wheelbarrow |
| 23:20 | Build | Farm |
| 23:23 | Queue | Villager (Male) |
| 23:25 | Queue | Archer |
| 23:49 | Queue | Archer |
Match timeline
| 4:38 | Macluffy · first_building Barracks |
| 6:03 | Macluffy · wall_segment Palisade Wall x4 |
| 7:07 | LE | WilliamS · wall_segment Palisade Wall x1 |
| 7:09 | LE | WilliamS · wall_segment Palisade Wall x1 |
| 7:12 | LE | WilliamS · wall_segment Palisade Wall x1 |
| 7:13 | LE | WilliamS · wall_segment Palisade Wall x1 |
| 7:13 | LE | WilliamS · wall_segment Palisade Wall x1 |
| 7:23 | LE | WilliamS · wall_segment Palisade Wall x1 |
| 7:24 | LE | WilliamS · wall_segment Palisade Wall x1 |
| 7:36 | Macluffy · wall_segment Palisade Wall x3 |
| 8:09 | LE | WilliamS · first_building Barracks |
| 8:12 | LE | WilliamS · wall_segment Palisade Wall x1 |
| 8:13 | LE | WilliamS · wall_segment Palisade Wall x1 |
| 8:13 | LE | WilliamS · wall_segment Palisade Wall x1 |
| 8:14 | LE | WilliamS · wall_segment Palisade Wall x1 |
| 8:17 | Macluffy · wall_segment Palisade Wall x6 |
| 8:22 | LE | WilliamS · wall_segment Palisade Wall x1 |
| 8:23 | LE | WilliamS · wall_segment Palisade Wall x1 |
| 8:23 | LE | WilliamS · wall_segment Palisade Wall x1 |
| 8:27 | LE | WilliamS · wall_segment Palisade Wall x6 |
| 8:51 | LE | WilliamS · age_up feudal |
| 8:55 | LE | WilliamS · wall_segment Palisade Wall x1 |
| 9:08 | LE | WilliamS · first_building Stable |
| 9:15 | LE | WilliamS · wall_segment Palisade Wall x1 |
| 9:43 | Macluffy · wall_segment Palisade Wall x7 |
| 10:36 | Macluffy · age_up feudal |
| 10:44 | Macluffy · first_building Archery Range |
| 11:28 | Macluffy · wall_segment Palisade Wall x1 |
| 12:41 | LE | WilliamS · first_building Archery Range |
| 13:22 | Macluffy · wall_segment Palisade Wall x1 |
| 13:53 | LE | WilliamS · wall_segment Palisade Wall x1 |
| 14:50 | LE | WilliamS · wall_segment Palisade Wall x1 |
| 14:52 | LE | WilliamS · wall_segment Palisade Wall x1 |
| 16:25 | LE | WilliamS · wall_segment Palisade Wall x4 |
| 16:44 | LE | WilliamS · wall_segment Palisade Wall x10 |
| 16:52 | LE | WilliamS · wall_segment Palisade Wall x17 |
| 17:10 | LE | WilliamS · wall_segment Palisade Wall x3 |
| 17:37 | LE | WilliamS · wall_segment Palisade Wall x3 |
| 19:34 | Macluffy · first_market_sell 100 wood |
| 19:34 | Macluffy · first_market_buy 100 food |
| 19:36 | LE | WilliamS · wall_segment Palisade Wall x7 |
| 22:10 | LE | WilliamS · age_up castle |
| 22:17 | Macluffy · age_up castle |
| 22:34 | Macluffy · first_building Siege Workshop |
| 23:09 | LE | WilliamS · first_market_buy 100 wood |
| 23:22 | LE | WilliamS · first_building Monastery |
| 28:19 | LE | WilliamS · first_market_sell 100 wood |
| 28:20 | Macluffy · first_building Monastery |
| 31:37 | Macluffy · first_building Castle |
| 33:12 | LE | WilliamS · first_building Castle |
| 34:08 | Macluffy · age_up imperial |
| 36:53 | LE | WilliamS · age_up imperial |
| 39:04 | Macluffy · wall_segment Palisade Wall x1 |
| 39:07 | Macluffy · wall_segment Palisade Wall x1 |
| 42:26 | LE | WilliamS · resign |
[ AI ANALYSIS · 1 CREDIT ]
What really happened in this match?
Wolo.gg analyzes every decision: build order, eco, micro, common mistakes by bracket. Personalized analysis on WhatsApp or Discord in 30 seconds.
Civ guide
Slavs
Perfil
Jugador #10795310